BSA
KANSAS CITY KINGS @ ST. LOUIS BROWNS
07/28/2028
 
TOP OF THE 1ST
Kansas City Kings batting - Pitching for St. Louis Browns : RHP Alex Stanford
Pitching: RHP Alex Stanford
Batting: RHB Chris Chandler 0-0: Ball
1-0: DOUBLE (Flyball, 78D)
Batting: SHB Douglas Taylor 0-0: Ball
1-0: Ball
2-0: Fly out, F7 (Flyball, 7S)
Batting: LHB Stan Hickman 0-0: Ball
1-0: Foul Ball, location: 2F
1-1: SINGLE (Groundball, 6D)
Chris Chandler to third
Runner from 3rd tries for Home, SAFE, no throw
Batting: RHB Toshimichi Kono 0-0: Ball
1-0: Ball
2-0: Called Strike
2-1: Swinging Strike
2-2: Ball
3-2: Strikes out swinging
Batting: LHB Ron Crawford 0-0: Foul Ball, location: 2F
0-1: Ball
1-1: Called Strike
1-2: Ball
2-2: Fly out, F8 (Line Drive, 8RM)
Top of the 1st over - 1 run(s), 2 hit(s), 0 error(s), 1 left on base; Kansas City 1 - St. Louis 0
BOTTOM OF THE 1ST
St. Louis Browns batting - Pitching for Kansas City Kings : RHP Mark Head
Pitching: RHP Mark Head
Batting: RHB Mario Rosales 0-0: Called Strike
0-1: Ground out 5-3 (Groundball, 5)
Batting: LHB Bob Ware 0-0: Ball
1-0: Called Strike
1-1: Ball
2-1: Ground out 4-3 (Groundball, 4)
Batting: LHB Mike Hill 0-0: Ball
1-0: Ground out 4-3 (Groundball, 4D)
Bottom of the 1st over - 0 run(s), 0 hit(s), 0 error(s), 0 left on base; Kansas City 1 - St. Louis 0
TOP OF THE 2ND
Kansas City Kings batting - Pitching for St. Louis Browns : RHP Alex Stanford
Batting: RHB Dave Parker 0-0: Ball
1-0: SINGLE (Flyball, 9S)
Batting: SHB António De La Cruz 0-0: Called Strike
0-1: Ball
1-1: Ball
2-1: Foul Ball, location: 2F
2-2: Fly out, F7 (Flyball, 7LSF)
Batting: LHB Luis González 0-0: Called Strike
0-1: Ball
1-1: Called Strike
1-2: Foul Ball, location: 2F
1-2: Ball
2-2: Foul Ball, location: 2F
2-2: Ball
3-2: Base on Balls
Dave Parker to second
Batting: RHB Oliver Lugo 0-0: SINGLE (Groundball, 6D)
Dave Parker to third
Luis González to second
Runner from 3rd tries for Home, SAFE, throw made home
Luis González to third
Oliver Lugo to second
Batting: RHB Chris Chandler 0-0: Called Strike
0-1: Called Strike
0-2: Foul Ball, location: 2F
0-2: Ground out 6-3 (Groundball, 6)
Luis González scores
Batting: SHB Douglas Taylor 0-0: Ball
1-0: Ground out U3 (Groundball, 34S)
Top of the 2nd over - 2 run(s), 2 hit(s), 0 error(s), 1 left on base; Kansas City 3 - St. Louis 0
BOTTOM OF THE 2ND
St. Louis Browns batting - Pitching for Kansas City Kings : RHP Mark Head
Batting: RHB Carlos Alfaro 0-0: Swinging Strike
0-1: SINGLE (Flyball, 8RS)
Batting: RHB Jeff Jones 0-0: Ball
Carlos Alfaro is caught stealing 2nd base
1-0: Called Strike
1-1: Ball
2-1: SINGLE (Line Drive, 34)
Batting: LHB Jorge Torres 0-0: Fly out, F7 (Flyball, 7LS)
Batting: SHB David Johnstone 0-0: Called Strike
0-1: Foul Ball, location: 2F
0-2: Ball
1-2: Foul Ball, location: 2F
1-2: SINGLE (Line Drive, 9LS)
Jeff Jones to second
Batting: LHB Dave Watson 0-0: Ground out 5-3 (Groundball, 56S)
Bottom of the 2nd over - 0 run(s), 3 hit(s), 0 error(s), 2 left on base; Kansas City 3 - St. Louis 0
TOP OF THE 3RD
Kansas City Kings batting - Pitching for St. Louis Browns : RHP Alex Stanford
Batting: LHB Stan Hickman 0-0: Foul Ball, location: 2F
0-1: Foul Ball, location: 2F
0-2: Foul Ball, location: 2F
0-2: Strikes out looking
Batting: RHB Toshimichi Kono 0-0: SINGLE (Line Drive, 89S)
Batting: LHB Ron Crawford 0-0: Called Strike
0-1: Grounds into double play, 4-6-3 (Groundball, 4)
Top of the 3rd over - 0 run(s), 1 hit(s), 0 error(s), 0 left on base; Kansas City 3 - St. Louis 0
BOTTOM OF THE 3RD
St. Louis Browns batting - Pitching for Kansas City Kings : RHP Mark Head
Batting: LHB Bill Murphy 0-0: Called Strike
0-1: Ball
1-1: Foul Ball, location: 2F
1-2: Fly out, F9 (Flyball, 9LD)
Batting: RHB Mario Rosales 0-0: Ball
1-0: Ball
2-0: Ground out 6-3 (Groundball, 6)
Batting: LHB Bob Ware 0-0: Fly out, F3 (Popup, 34S)
Bottom of the 3rd over - 0 run(s), 0 hit(s), 0 error(s), 0 left on base; Kansas City 3 - St. Louis 0
TOP OF THE 4TH
Kansas City Kings batting - Pitching for St. Louis Browns : RHP Alex Stanford
Batting: RHB Dave Parker 0-0: Foul Ball, location: 2F
0-1: Ball
1-1: Ball
2-1: Ball
3-1: Foul Ball, location: 2F
3-2: Foul Ball, location: 2F
3-2: Foul Ball, location: 2F
3-2: Foul Ball, location: 2F
3-2: Fly out, F8 (Flyball, 78D)
Batting: SHB António De La Cruz 0-0: Ground out 4-3 (Groundball, 4)
Batting: LHB Luis González 0-0: Ball
1-0: Ball
2-0: Called Strike
2-1: Ball
3-1: SINGLE (Line Drive, 4D)
Batting: RHB Oliver Lugo 0-0: Ball
1-0: Ball
2-0: Called Strike
2-1: Foul Ball, location: 2F
2-2: Strikes out swinging
Top of the 4th over - 0 run(s), 1 hit(s), 0 error(s), 1 left on base; Kansas City 3 - St. Louis 0
BOTTOM OF THE 4TH
St. Louis Browns batting - Pitching for Kansas City Kings : RHP Mark Head
Batting: LHB Mike Hill 0-0: Called Strike
0-1: Ground out 3-1 (Groundball, 34)
Batting: RHB Carlos Alfaro 0-0: Ball
1-0: Ball
2-0: Fly out, F7 (Flyball, 7LSF)
Batting: RHB Jeff Jones 0-0: Ball
1-0: Ball
2-0: Ball
3-0: Called Strike
3-1: Fly out, F5 (Line Drive, 56S)
Bottom of the 4th over - 0 run(s), 0 hit(s), 0 error(s), 0 left on base; Kansas City 3 - St. Louis 0
TOP OF THE 5TH
Kansas City Kings batting - Pitching for St. Louis Browns : RHP Alex Stanford
Batting: RHB Chris Chandler 0-0: Called Strike
0-1: Ball
1-1: SOLO HOME RUN (Line Drive, 7LD), Distance : 357 ft
Batting: SHB Douglas Taylor 0-0: Ground out 4-3 (Groundball, 34)
Batting: LHB Stan Hickman 0-0: Swinging Strike
0-1: Foul Ball, location: 2F
0-2: Foul Ball, location: 2F
0-2: Ground out U3 (Groundball, 3)
Batting: RHB Toshimichi Kono 0-0: Ball
1-0: Foul Ball, location: 2F
1-1: Ball
2-1: Fly out, F9 (Flyball, 9LMF)
Top of the 5th over - 1 run(s), 1 hit(s), 0 error(s), 0 left on base; Kansas City 4 - St. Louis 0
BOTTOM OF THE 5TH
St. Louis Browns batting - Pitching for Kansas City Kings : RHP Mark Head
Batting: LHB Jorge Torres 0-0: Fly out, F6 (Popup, 6)
Batting: SHB David Johnstone 0-0: Ball
1-0: Fly out, F7 (Flyball, 7S)
Batting: LHB Dave Watson 0-0: Ball
1-0: Ground out U3 (Groundball, 34)
Bottom of the 5th over - 0 run(s), 0 hit(s), 0 error(s), 0 left on base; Kansas City 4 - St. Louis 0
TOP OF THE 6TH
Kansas City Kings batting - Pitching for St. Louis Browns : RHP Alex Stanford
Batting: LHB Ron Crawford 0-0: Swinging Strike
0-1: Fly out, F8 (Flyball, 8RM)
Batting: RHB Dave Parker 0-0: Ball
1-0: Foul Ball, location: 2F
1-1: Ball
2-1: DOUBLE (Line Drive, 7LM)
Batting: SHB António De La Cruz 0-0: Fly out, F6 (Popup, 6S)
Batting: LHB Luis González 0-0: Ball
1-0: Foul Ball, location: 2F
1-1: Ball
2-1: Ground out 6-3 (Groundball, 6D)
Top of the 6th over - 0 run(s), 1 hit(s), 0 error(s), 1 left on base; Kansas City 4 - St. Louis 0
BOTTOM OF THE 6TH
St. Louis Browns batting - Pitching for Kansas City Kings : RHP Mark Head
Batting: LHB Bill Murphy 0-0: Ball
1-0: Called Strike
1-1: Swinging Strike
1-2: Strikes out swinging
Batting: RHB Mario Rosales 0-0: Fly out, F8 (Line Drive, 8RD)
Batting: LHB Bob Ware 0-0: Called Strike
0-1: SINGLE (Groundball, 4MD)
Batting: LHB Mike Hill 0-0: Ball
1-0: Ball
2-0: Called Strike
2-1: Foul Ball, location: 2F
2-2: Foul Ball, location: 2F
2-2: Foul Ball, location: 2F
2-2: Foul Ball, location: 2F
2-2: Fly out, F8 (Flyball, 8LXD)
Bottom of the 6th over - 0 run(s), 1 hit(s), 0 error(s), 1 left on base; Kansas City 4 - St. Louis 0
TOP OF THE 7TH
Kansas City Kings batting - Pitching for St. Louis Browns : RHP Alex Stanford
Batting: RHB Oliver Lugo 0-0: Ball
1-0: Foul Ball, location: 2F
1-1: Ground out 1-3 (Groundball, P)
Batting: RHB Chris Chandler 0-0: Ball
1-0: Ball
2-0: Ground out 6-3 (Groundball, 6S)
Batting: SHB Douglas Taylor 0-0: Swinging Strike
0-1: Ball
1-1: DOUBLE (Flyball, 7LD)
Batting: LHB Stan Hickman 0-0: Called Strike
0-1: Ball
1-1: 2-RUN HOME RUN (Flyball, 89XD), Distance : 382 ft
Batting: RHB Toshimichi Kono 0-0: Fly out, F8 (Flyball, 8RM)
Top of the 7th over - 2 run(s), 2 hit(s), 0 error(s), 0 left on base; Kansas City 6 - St. Louis 0
BOTTOM OF THE 7TH
St. Louis Browns batting - Pitching for Kansas City Kings : RHP Mark Head
Batting: RHB Carlos Alfaro 0-0: Swinging Strike
0-1: Ball
1-1: Ball
2-1: Fly out, F6 (Popup, 4MD)
Batting: RHB Jeff Jones 0-0: Ball
1-0: Called Strike
1-1: Foul Ball, location: 2F
1-2: Ball
2-2: Foul Ball, location: 2F
2-2: Ground out 5-3 (Groundball, 56)
Batting: LHB Jorge Torres 0-0: Ball
1-0: Ground out 3-1 (Groundball, 34)
Bottom of the 7th over - 0 run(s), 0 hit(s), 0 error(s), 0 left on base; Kansas City 6 - St. Louis 0
TOP OF THE 8TH
Kansas City Kings batting - Pitching for St. Louis Browns : RHP Alex Stanford
Pitching: LHP Darren Blackwell
Batting: LHB Ron Crawford 0-0: Ball
1-0: Ball
2-0: Foul Ball, location: 2F
2-1: Called Strike
2-2: Strikes out looking
Batting: RHB Dave Parker 0-0: Ball
1-0: Foul Ball, location: 2F
1-1: Swinging Strike
1-2: SINGLE (Flyball, 89S)
Batting: SHB António De La Cruz 0-0: Called Strike
0-1: Foul Ball, location: 2F
0-2: Strikes out swinging
Batting: LHB Luis González 0-0: Ball
1-0: SINGLE (Line Drive, 8LS)
Dave Parker to second
Batting: RHB Oliver Lugo 0-0: Fly out, F6 (Line Drive, 6MD)
Top of the 8th over - 0 run(s), 2 hit(s), 0 error(s), 2 left on base; Kansas City 6 - St. Louis 0
BOTTOM OF THE 8TH
St. Louis Browns batting - Pitching for Kansas City Kings : RHP Mark Head
Batting: SHB David Johnstone 0-0: Ball
1-0: Ball
2-0: Ball
3-0: Base on Balls
Batting: LHB Dave Watson 0-0: Reached on error, E1 (Groundball, 15S)
David Johnstone to second
Batting: LHB Bill Murphy 0-0: Called Strike
0-1: Ball
1-1: Ball
2-1: Ball
3-1: SINGLE (Groundball, 6D)
David Johnstone to third
Dave Watson to second
Runner from 3rd tries for Home, throw and OUT!
Dave Watson to third
Bill Murphy to second
Batting: RHB Mario Rosales 0-0: Ball
1-0: Fly out, F9 (Flyball, 9LMF)
Runner from 3rd tags up, SCORES, no throw
Batting: LHB Bob Ware 0-0: SINGLE (Groundball, 4MD)
Bill Murphy to third
Runner from 3rd tries for Home, SAFE, no throw
Batting: LHB Mike Hill 0-0: Ball
1-0: Called Strike
1-1: Swinging Strike
1-2: Fly out, F8 (Flyball, 89D)
Bottom of the 8th over - 2 run(s), 2 hit(s), 1 error(s), 1 left on base; Kansas City 6 - St. Louis 2
TOP OF THE 9TH
Kansas City Kings batting - Pitching for St. Louis Browns : LHP Darren Blackwell
Batting: RHB Chris Chandler 0-0: Ball
1-0: Ball
2-0: Fly out, F9 (Line Drive, 89S)
Batting: SHB Douglas Taylor 0-0: Fly out, F7 (Line Drive, 78M)
Batting: LHB Stan Hickman 0-0: Called Strike
0-1: Ball
1-1: Ball
2-1: Ball
3-1: Called Strike
3-2: Fly out, F8 (Line Drive, 8RM)
Top of the 9th over - 0 run(s), 0 hit(s), 0 error(s), 0 left on base; Kansas City 6 - St. Louis 2
BOTTOM OF THE 9TH
St. Louis Browns batting - Pitching for Kansas City Kings : RHP Mark Head
Batting: RHB Carlos Alfaro 0-0: Ball
1-0: Ball
2-0: Foul Ball, location: 2F
2-1: Ball
3-1: Fly out, F8 (Flyball, 78D)
Pitching: RHP Nick Parks
Batting: RHB Jeff Jones 0-0: Ball
1-0: Fly out, F8 (Line Drive, 78XD)
Batting: LHB Jorge Torres 0-0: Ball
1-0: SINGLE (Groundball, 3D)
Batting: SHB David Johnstone 0-0: Ground out 6-3 (Groundball, 6S)
Bottom of the 9th over - 0 run(s), 1 hit(s), 0 error(s), 1 left on base; Kansas City 6 - St. Louis 2
Tuesday, August 8th, 2017 - OOTP Baseball 17.12 Build 75